[Event "Titled Tuesday Blitz April 19 Late 2022"]
[White "Potapova, Margarita"]
[Black "Oparin, Grigoriy"]
[WhiteFideId "14126869"]
[BlackFideId "24125890"]
[WhiteElo "2216"]
[BlackElo "2665"]
[Result "0-1"]
[Round "02"]
[TimeControl "180+1"]
[Date "2022.04.19"]
[WhiteClock "0:00:02"]
[BlackClock "0:00:17"]

1. d4 Nf6 2. c4 e6 3. Nc3 Bb4 4. Qc2 d5 5. cxd5 exd5 6. Bg5 h6 7. Bh4 g5 8. Bg3 Nc6 9. e3 h5 10. Bb5 h4 11. Be5 O-O 12. Ne2 Ne4 13. Bxc6 bxc6 14. f3 Nxc3 15. bxc3 Be7 16. f4 g4 17. f5 f6 18. Bf4 Qd7 19. O-O Rf7 20. e4 dxe4 21. Qxe4 Rb8 22. Bh6 Rh7 23. Qxg4+ Kh8 24. Bd2 Bd6 25. Nf4 Bxf4 26. Bxf4 Rb2 27. Rae1 Qf7 28. Kh1 Bd7 29. Re3 Qg7 30. Qf3 Qg8 31. Bxc7 h3 32. g3 Qxa2 33. Bd8 Rxh2+ 34. Kg1 Rg2+ 35. Kh1 Rh2+ 36. Kg1 Qg2+ 37. Qxg2 Rxg2+ 38. Kh1 Rf7 39. Re7 Kg7 40. Rxf7+ Kxf7 41. Bc7 Rc2 42. Bf4 Bxf5 43. Re1 Be6 44. Bd6 Bd5+ 0-1


[Site "https://www.chess.com"]

[Event "Titled Tuesday Blitz April 19 Late 2022"]
[White "Pourkashiyan, Atousa"]
[Black "Isajevsky, Anton"]
[WhiteFideId "12502014"]
[BlackFideId "4142500"]
[WhiteElo "2247"]
[BlackElo "2510"]
[Result "0-1"]
[Round "02"]
[TimeControl "180+1"]
[Date "2022.04.19"]
[WhiteClock "0:00:10"]
[BlackClock "0:00:22"]

1. e4 g6 2. d4 Bg7 3. Nc3 a6 4. a4 b6 5. Nf3 Bb7 6. Bd3 Nc6 7. Be3 d6 8. O-O e6 9. Qd2 h6 10. d5 Nce7 11. dxe6 fxe6 12. e5 d5 13. Nd4 Qd7 14. Bf4 c5 15. Nf3 O-O-O 16. Rfe1 g5 17. Bg3 Nc6 18. a5 b5 19. Nxb5 axb5 20. a6 Ba8 21. Bxb5 Nge7 22. a7 Qc7 23. Qc3 Nxa7 24. Nd4 cxd4 25. Qxc7+ Kxc7 26. Rxa7+ Bb7 27. Ba6 Rb8 28. Rd1 Nc6 29. Rxb7+ Rxb7 30. Bxb7 Kxb7 31. c3 dxc3 32. bxc3 Bxe5 33. Bxe5 Nxe5 34. Re1 Nc6 35. Rxe6 Kc7 36. h4 gxh4 37. Kh2 Rf8 38. f3 Rf4 39. Rxh6 Rc4 40. Rh5 Kd6 41. Kh3 Rxc3 42. Kxh4 d4 43. Rh6+ Kd5 44. Rh7 Ne5 45. f4 Nc4 46. Rd7+ Nd6 47. f5 d3 48. f6 d2 49. f7 Rc8 50. Rc7 Rf8 51. g4 d1=Q 52. g5 Rxf7 0-1


[Site "https://www.chess.com"]

[Event "Titled Tuesday Blitz April 19 Late 2022"]
[White "Rego, Vinicius V. de Almeida"]
[Black "Vusatiuk, Vladimir"]
[WhiteFideId "2106485"]
[BlackFideId "14118610"]
[WhiteElo "2345"]
[BlackElo "2157"]
[Result "0-1"]
[Round "02"]
[TimeControl "180+1"]
[Date "2022.04.19"]
[WhiteClock "0:00:26"]
[BlackClock "0:00:18"]

1. Nf3 Nf6 2. c4 e6 3. d4 a6 4. Nc3 d5 5. cxd5 exd5 6. Bg5 Be7 7. e3 Be6 8. Bd3 O-O 9. O-O Nbd7 10. Qb3 b5 11. Rac1 c5 12. dxc5 Nxc5 13. Qc2 Nxd3 14. Qxd3 Rc8 15. Nd4 h6 16. Bh4 Qb6 17. Rfd1 Rfd8 18. h3 Rd7 19. Nce2 Rc4 20. b3 Rxc1 21. Rxc1 Rc7 22. Rxc7 Qxc7 23. Nxe6 fxe6 24. Nf4 Bd6 25. Bxf6 Bxf4 26. exf4 Qc1+ 27. Qf1 Qxf1+ 28. Kxf1 gxf6 29. f5 exf5 30. Ke2 Kf7 31. Kd3 f4 32. Kd4 Ke6 33. Kc5 Ke5 34. f3 d4 35. h4 d3 0-1


[Site "https://www.chess.com"]

[Event "Titled Tuesday Blitz April 19 Late 2022"]
[White "Riehle, Marco"]
[Black "Zakhartsov, Vladimir"]
[WhiteFideId "12904392"]
[BlackFideId "4145097"]
[WhiteElo "2462"]
[BlackElo "2491"]
[Result "0-1"]
[Round "02"]
[TimeControl "180+1"]
[Date "2022.04.19"]
[WhiteClock "0:00:36"]
[BlackClock "0:00:17"]

1. e4 c5 2. a3 g6 3. h4 d5 4. exd5 Nf6 5. h5 Nxh5 6. c4 e6 7. Nc3 Nf6 8. d4 exd5 9. Bg5 Bg7 10. Nxd5 O-O 11. dxc5 Qe8+ 12. Be2 Nxd5 13. cxd5 Bxb2 14. Nf3 Nd7 15. Bh6 Nxc5 16. Bxf8 Qxf8 17. Rb1 Bxa3 18. Ng5 h6 19. Nf3 Bf5 20. Ra1 Bb2 21. Ra2 Bc3+ 22. Kf1 a5 23. Qc1 Bg7 24. Bc4 Rc8 25. Qf4 Bd3+ 26. Kg1 g5 27. Qc1 Nb3 28. Qd1 Bxc4 29. Rc2 b5 30. d6 Rd8 31. d7 Qe7 32. Kh2 Qxd7 33. Qb1 Qd6+ 34. g3 Qd3 35. Ne1 Qf5 36. Ng2 Nd4 37. Rc3 Nf3+ 38. Rxf3 Qxf3 39. Qe1 Bd5 40. Rg1 Qh5+ 41. Nh4 gxh4 42. g4 Qe5+ 43. Kh3 Qxe1 44. Rxe1 a4 45. g5 hxg5 46. f4 gxf4 47. Kxh4 a3 48. Rg1 a2 49. Rf1 a1=Q 50. Rxf4 Qh1+ 51. Kg4 Qg2+ 52. Kh4 Be6 53. Kh5 Qg6+ 54. Kh4 Bf6+ 55. Rxf6 Qg4# 0-1


[Site "https://www.chess.com"]

[Event "Titled Tuesday Blitz April 19 Late 2022"]
[White "Romero Ruscalleda, Josep"]
[Black "Jegorovas, Aleksandras"]
[WhiteFideId "2231859"]
[BlackFideId "12801950"]
[WhiteElo "2305"]
[BlackElo "2247"]
[Result "1-0"]
[Round "02"]
[TimeControl "180+1"]
[Date "2022.04.19"]
[WhiteClock "0:01:39"]
[BlackClock "0:01:09"]

1. e4 e6 2. d4 d5 3. e5 c5 4. c3 Nc6 5. Be3 cxd4 6. cxd4 f6 7. exf6 Nxf6 8. Nc3 Bd6 9. Bd3 O-O 10. Nf3 Bd7 11. O-O Be8 12. Re1 Bh5 13. Be2 a6 14. a3 Qc7 15. h3 Rae8 16. Rc1 h6 17. Na4 Ne4 18. Qc2 g5 19. Nd2 Bh2+ 20. Kh1 Rxf2 21. Nxe4 dxe4 22. Bxf2 1-0


[Site "https://www.chess.com"]

[Event "Titled Tuesday Blitz April 19 Late 2022"]
[White "Ronka, Erik"]
[Black "Girsh, Daniel"]
[WhiteFideId "505080"]
[BlackFideId "30949190"]
[WhiteElo "2264"]
[BlackElo "2313"]
[Result "1-0"]
[Round "02"]
[TimeControl "180+1"]
[Date "2022.04.19"]
[WhiteClock "0:00:50"]
[BlackClock "0:00:15"]

1. Nc3 d5 2. Nf3 d4 3. Nb1 Nc6 4. e4 dxe3 5. fxe3 e5 6. Nc3 Nf6 7. Bb5 Bd6 8. O-O h6 9. Bxc6+ bxc6 10. e4 O-O 11. d3 Bc5+ 12. Kh1 Ng4 13. Qe2 f5 14. exf5 Rxf5 15. Ne4 Bd6 16. b3 a5 17. a4 Rf8 18. Bb2 Qe7 19. h3 Nf6 20. Nfd2 Nd5 21. Rxf8+ Qxf8 22. Rf1 Nf4 23. Qf3 Qe7 24. Nc4 Be6 25. Bc3 Bd5 26. Nxa5 Rf8 27. Nc4 Rf7 28. Qg4 Be6 29. Qd1 Nxh3 30. Rxf7 Qh4 31. g3 Nf2+ 32. Kg2 Qxe4+ 33. dxe4 Nxd1 34. Nxd6 cxd6 35. Re7 Nxc3 36. Rxe6 Nxe4 37. Re7 d5 38. a5 Kf8 39. a6 Kxe7 40. a7 Nd6 41. a8=Q Ke6 42. Qg8+ Kf6 43. Qf8+ Nf7 44. Qc5 e4 45. Qxc6+ Ke5 46. Qe8+ Kf6 47. b4 Ne5 48. b5 e3 49. b6 e2 50. Kf2 1-0


[Site "https://www.chess.com"]

[Event "Titled Tuesday Blitz April 19 Late 2022"]
[White "Rustemov, Alexander"]
[Black "Fernandez Siles, Luis"]
[WhiteFideId "4119002"]
[BlackFideId "2209420"]
[WhiteElo "2734"]
[BlackElo "2212"]
[Result "0-1"]
[Round "02"]
[TimeControl "180+1"]
[Date "2022.04.19"]
[WhiteClock "0:00:56"]
[BlackClock "0:01:16"]

1. d4 Nf6 2. c4 g6 3. Nf3 Bg7 4. g3 O-O 5. Bg2 d6 6. Nc3 Nc6 7. O-O Bf5 8. Ne1 Qd7 9. e4 Bh3 10. f3 e5 11. d5 Nd4 12. Nc2 c5 13. dxc6 bxc6 14. Nxd4 exd4 15. Qxd4 Bxg2 16. Kxg2 Rfe8 17. Rd1 Nxe4 18. Qd3 Nxc3 19. bxc3 Qe6 20. Bf4 Qe2+ 21. Kh3 Qe6+ 22. g4 Rad8 23. Bg3 Qf6 24. Rac1 Bh6 25. Rc2 Re3 26. Qd4 Qxf3 27. Rf2 Qxf2 28. Qxa7 Rxg3+ 29. hxg3 Qxa7 30. Rxd6 Rxd6 31. g5 Bxg5 32. c5 Qd7+ 33. Kg2 Rd2+ 34. Kf3 f5 35. a4 Qd3# 0-1


[Site "https://www.chess.com"]

[Event "Titled Tuesday Blitz April 19 Late 2022"]
[White "Rytenko, Vsevolod"]
[Black "Kozak, Adam"]
[WhiteFideId "14133040"]
[BlackFideId "753246"]
[WhiteElo "2120"]
[BlackElo "2459"]
[Result "0-1"]
[Round "02"]
[TimeControl "180+1"]
[Date "2022.04.19"]
[WhiteClock "0:00:12"]
[BlackClock "0:00:53"]

1. d4 Nf6 2. Bg5 Ne4 3. Bf4 d5 4. f3 Nd6 5. Nc3 c6 6. e4 e6 7. Qd2 Nd7 8. O-O-O Be7 9. Kb1 a6 10. e5 Nb5 11. Nce2 c5 12. h4 a5 13. h5 h6 14. Rh3 a4 15. Rg3 Bf8 16. Be3 c4 17. Nc3 Bb4 18. Nge2 a3 19. Rxg7 Qb6 20. Nxd5 Bxd2 21. Nxb6 Nxb6 22. Bxd2 axb2 23. Kxb2 Na4+ 24. Ka1 c3 25. Be1 Bd7 26. Ng3 Na3 27. Bd3 Kf8 28. Rg4 Bb5 29. Bxb5 Nxc2+ 30. Kb1 Na3+ 31. Ka1 Nxb5 32. d5 exd5 33. Rxd5 Na3 34. Rxa4 Rxa4 35. Bxc3 Ke7 36. Ne4 Rc8 37. Kb2 Nc4+ 38. Kb3 Ra3+ 39. Kb4 Rxa2 40. Nc5 b6 41. Kxc4 Rxc5+ 42. Rxc5 bxc5 43. g4 Rf2 44. Kxc5 Ke6 45. Kd4 Rxf3 46. Bd2 Rg3 47. Bxh6 Rxg4+ 48. Ke3 Rh4 49. Bg7 Rxh5 50. Bf6 Rxe5+ 51. Bxe5 Kxe5 52. Kf3 Kf5 53. Kg2 Kg4 54. Kf2 Kf4 55. Kg2 Ke3 0-1


[Site "https://www.chess.com"]

[Event "Titled Tuesday Blitz April 19 Late 2022"]
[White "Safarli, Eltaj"]
[Black "Nozdrachev, Leonid"]
[WhiteFideId "13402129"]
[BlackFideId "24113433"]
[WhiteElo "2634"]
[BlackElo "2242"]
[Result "1-0"]
[Round "02"]
[TimeControl "180+1"]
[Date "2022.04.19"]
[WhiteClock "0:01:16"]
[BlackClock "0:00:04"]

1. e4 c6 2. d4 d5 3. exd5 cxd5 4. c4 Nf6 5. Nc3 g6 6. Qb3 Bg7 7. cxd5 O-O 8. Be2 Na6 9. Bf3 Qb6 10. Qxb6 axb6 11. Nge2 Nb4 12. O-O Rd8 13. d6 Rxd6 14. Bf4 Rd7 15. Be5 Nfd5 16. Rfd1 e6 17. Rac1 Nc6 18. Bxg7 Kxg7 19. Nxd5 exd5 20. Nc3 Ne7 21. Re1 Kf8 22. a3 Rd8 23. Nb5 Bd7 24. Nc7 Rab8 25. Nxd5 Nxd5 26. Bxd5 Bc6 27. Bxc6 bxc6 28. Rxc6 Rxd4 29. Rc2 b5 30. g3 b4 31. Re3 bxa3 32. bxa3 Rd1+ 33. Kg2 Rb7 34. Ra2 Ra7 35. Re4 Rd5 36. a4 Rda5 37. h4 h5 38. Rf4 Kg7 39. Kf1 R7a6 40. Ke2 Rd6 41. Ra3 Rd7 42. Rd3 Rda7 43. Rdd4 Rb7 44. Kd3 Rb3+ 45. Kc2 Ra3 46. Kb2 g5 47. hxg5 1-0


[Site "https://www.chess.com"]

[Event "Titled Tuesday Blitz April 19 Late 2022"]
[White "Saldano Dayer, Horacio"]
[Black "Adury, Anant"]
[WhiteFideId "103411"]
[BlackFideId "30964687"]
[WhiteElo "2419"]
[BlackElo "2119"]
[Result "1/2-1/2"]
[Round "02"]
[TimeControl "180+1"]
[Date "2022.04.19"]
[WhiteClock "0:00:13"]
[BlackClock "0:00:35"]

1. b3 d5 2. e3 Nf6 3. Bb2 Nbd7 4. f4 a5 5. a4 b6 6. Nf3 e6 7. Bb5 Bb7 8. Ne5 Bd6 9. O-O O-O 10. Nxd7 Nxd7 11. Rf3 c6 12. Bd3 e5 13. Bxh7+ Kxh7 14. Rh3+ Kg8 15. Qh5 f6 16. Nc3 exf4 17. exf4 Bxf4 18. Qh7+ Kf7 19. Rf1 Rh8 20. Qxh8 Bxh2+ 21. Rxh2 Qxh8 22. Rxh8 Rxh8 23. Ne2 Nc5 24. d3 Bc8 25. Nf4 Ne6 26. Nxe6 Bxe6 27. Bd4 c5 28. Bc3 d4 29. Bd2 Rh5 30. Rf3 Re5 31. Rf2 Bd5 32. Bf4 Re1+ 33. Rf1 Re2 34. Rf2 Re1+ 35. Rf1 Re6 36. Bc7 g5 37. Kf2 Rc6 38. Bb8 Re6 39. g3 Re8 40. Bc7 Rh8 41. Ke1 Rh2 42. Rf2 Rh1+ 43. Kd2 Rg1 44. Bxb6 Rxg3 45. Bxc5 Kg6 46. Bxd4 f5 47. c4 Bc6 48. Bb6 f4 49. Bxa5 Kf5 50. Bc7 Rh3 51. a5 Rh7 52. Bd6 Rd7 53. c5 f3 54. Bg3 g4 55. Kc3 Ra7 56. b4 Bb5 57. d4 Rd7 58. a6 Bxa6 59. c6 Rh7 60. d5 Bb5 61. Kd4 Rh3 62. Kc5 Bxc6 63. dxc6 Rxg3 64. c7 Rg2 65. c8=Q+ Kf4 66. Qf8+ Kg3 67. Rxg2+ Kxg2 68. Qf4 g3 69. Kd4 f2 70. Qe4+ Kg1 71. Qe3 Kg2 72. Qe4+ Kg1 73. Qe3 Kg2 74. Qe4+ 1/2-1/2


[Site "https://www.chess.com"]

[Event "Titled Tuesday Blitz April 19 Late 2022"]
[White "Salem, A.R. Saleh"]
[Black "Wieczorek, Oskar"]
[WhiteFideId "9301348"]
[BlackFideId "1133950"]
[WhiteElo "2657"]
[BlackElo "2319"]
[Result "1-0"]
[Round "02"]
[TimeControl "180+1"]
[Date "2022.04.19"]
[WhiteClock "0:00:05"]
[BlackClock "0:00:11"]

1. Nf3 Nf6 2. g3 g6 3. Bg2 Bg7 4. d4 O-O 5. c4 c5 6. dxc5 Qa5+ 7. Nfd2 Qxc5 8. Nc3 d6 9. O-O Nc6 10. b3 d5 11. Bb2 dxc4 12. Nxc4 Be6 13. Ba3 Qh5 14. Qc1 Rac8 15. Qf4 Ng4 16. h3 Bxc3 17. hxg4 Bxg4 18. f3 Be6 19. Rad1 b5 20. Ne3 b4 21. Bc1 Rfd8 22. g4 Qc5 23. Kh1 Nd4 24. Rf2 Nxe2 25. Rxd8+ Rxd8 26. Rxe2 Be5 27. Rc2 Qxc2 28. Nxc2 Bxf4 29. Bxf4 Rd1+ 30. Kh2 a5 31. Kg3 Bd5 32. Ne3 Bc6 33. Nxd1 1-0


[Site "https://www.chess.com"]

[Event "Titled Tuesday Blitz April 19 Late 2022"]
[White "Sanal, Vahap"]
[Black "Kalogridis, Antonios"]
[WhiteFideId "6300545"]
[BlackFideId "25833901"]
[WhiteElo "2603"]
[BlackElo "1596"]
[Result "1-0"]
[Round "02"]
[TimeControl "180+1"]
[Date "2022.04.19"]
[WhiteClock "0:01:04"]
[BlackClock "0:00:17"]

1. Nf3 Nf6 2. g3 b6 3. Bg2 Bb7 4. O-O g6 5. d3 Bg7 6. e4 O-O 7. Nc3 d6 8. Re1 c5 9. Bg5 Nbd7 10. Qd2 a6 11. Bh6 b5 12. h3 Nb6 13. Bxg7 Kxg7 14. Ne2 e5 15. Nh2 d5 16. exd5 Nfxd5 17. Nc3 Qd6 18. Ng4 f6 19. Qh6+ Kg8 20. Ne4 Qc7 21. c4 bxc4 22. dxc4 Nxc4 23. Rac1 f5 24. Rxc4 fxe4 25. Bxe4 Nf6 26. Nxf6+ Rxf6 27. Qe3 Bxe4 28. Rxe4 Raf8 29. Re2 Qf7 30. a3 Qe6 31. Kg2 Qc6 32. Kg1 Qe6 33. Kh2 Rf3 34. Qxc5 Qf7 35. Kg2 Qf5 36. Qd5+ Rf7 37. Qc5 Rd3 38. Qxe5 Qf3+ 39. Kh2 Rd1 40. Qe8+ Kg7 41. Qxf7+ Kxf7 42. Rf4+ Qxf4 43. gxf4 Rd4 44. Kg3 Rd3+ 45. Re3 Rd2 46. Rb3 Rd6 47. Rb7+ Kf6 48. Rxh7 Rd3+ 49. f3 Rb3 50. Ra7 Rxb2 51. Rxa6+ Kg7 52. a4 Rb1 53. Ra8 Ra1 54. a5 Ra2 55. a6 Ra1 56. a7 Ra2 57. h4 Ra1 58. h5 gxh5 59. f5 1-0


[Site "https://www.chess.com"]

[Event "Titled Tuesday Blitz April 19 Late 2022"]
[White "Sanchez, Robert"]
[Black "Hamitevici, Vladimir"]
[WhiteFideId "2034360"]
[BlackFideId "13902393"]
[WhiteElo "2382"]
[BlackElo "2359"]
[Result "0-1"]
[Round "02"]
[TimeControl "180+1"]
[Date "2022.04.19"]
[WhiteClock "0:00:14"]
[BlackClock "0:00:24"]

1. e4 c6 2. f4 d5 3. e5 c5 4. c3 d4 5. Nf3 Nh6 6. Bc4 Nf5 7. O-O Nc6 8. Ng5 e6 9. a4 Be7 10. Ne4 O-O 11. d3 dxc3 12. bxc3 Na5 13. Ba2 b6 14. Na3 Bb7 15. Qe2 Qd7 16. Nc4 Nxc4 17. Bxc4 Bc6 18. Rf3 Nd4 19. cxd4 Qxd4+ 20. Be3 Qxa1+ 21. Rf1 Qxa4 22. Ng3 b5 23. Ba2 Rfd8 24. f5 Bd5 25. Bxd5 Rxd5 26. f6 gxf6 27. exf6 Bf8 28. Ne4 Kh8 29. Ng5 Rxg5 30. Bxg5 Rd8 31. Qh5 Qd4+ 32. Kh1 Qxd3 33. Qxf7 Qxf1# 0-1


[Site "https://www.chess.com"]

[Event "Titled Tuesday Blitz April 19 Late 2022"]
[White "Saraci, Nderim"]
[Black "Miszler, Levente"]
[WhiteFideId "6351921"]
[BlackFideId "763276"]
[WhiteElo "2553"]
[BlackElo "1966"]
[Result "1-0"]
[Round "02"]
[TimeControl "180+1"]
[Date "2022.04.19"]
[WhiteClock "0:00:39"]
[BlackClock "0:00:05"]

1. e4 e6 2. d4 d5 3. Nd2 e5 4. dxe5 dxe4 5. Nxe4 Qxd1+ 6. Kxd1 Nc6 7. Bf4 Bg4+ 8. f3 O-O-O+ 9. Kc1 Bf5 10. Ng3 Be6 11. Bd3 Nge7 12. N1e2 Nd5 13. Be4 Nxf4 14. Nxf4 Nxe5 15. Nxe6 fxe6 16. Re1 Bd6 17. c3 g6 18. Kc2 Rhf8 19. b3 Nd7 20. Bd3 e5 21. Bc4 c6 22. Be6 Kc7 23. Bxd7 Rxd7 24. Rad1 Rfd8 25. Ne4 Be7 26. Rxd7+ Rxd7 27. Nf2 Rd5 28. Re4 Bf6 29. Ng4 Bg7 30. h4 b5 31. h5 Kd6 32. hxg6 hxg6 33. Ne3 Ke6 34. Nxd5 cxd5 35. Rh4 Kf5 36. a4 Bf6 37. Rb4 bxa4 38. Rxa4 e4 39. fxe4+ dxe4 40. Rxa7 1-0


[Site "https://www.chess.com"]

[Event "Titled Tuesday Blitz April 19 Late 2022"]
[White "Sarkar, Justin"]
[Black "Migot, Tangi"]
[WhiteFideId "2010011"]
[BlackFideId "662445"]
[WhiteElo "2038"]
[BlackElo "2528"]
[Result "0-1"]
[Round "02"]
[TimeControl "180+1"]
[Date "2022.04.19"]
[WhiteClock "0:00:03"]
[BlackClock "0:01:11"]

1. d4 Nf6 2. c4 e6 3. Nf3 d5 4. Nc3 Bb4 5. Qb3 c5 6. dxc5 Nc6 7. Bg5 Qa5 8. Bxf6 dxc4 9. Qxc4 gxf6 10. Rc1 Qxc5 11. Qf4 Ke7 12. a3 Bxc3+ 13. Rxc3 Qd6 14. Qxd6+ Kxd6 15. e3 Bd7 16. Bd3 Rhc8 17. Ke2 Ne5 18. Nxe5 fxe5 19. Rhc1 Rxc3 20. Rxc3 Bc6 21. f3 Rg8 22. Kf2 f5 23. e4 f4 24. b4 b6 25. Bc4 h6 26. Bxe6 Rd8 27. Rd3+ Ke7 28. Rxd8 Kxd8 29. g3 Ke7 30. Bc4 a5 31. gxf4 exf4 32. Ke2 axb4 33. axb4 Kf6 34. Kd3 Ke5 35. Ba6 Be8 36. Kc4 Bh5 37. Kb5 Bxf3 38. Kxb6 Bxe4 39. b5 f3 0-1


[Site "https://www.chess.com"]

[Event "Titled Tuesday Blitz April 19 Late 2022"]
[White "Senthilkumar, Pranav"]
[Black "Ricaurte Lopez, Juan Carlos"]
[WhiteFideId "2083477"]
[BlackFideId "3600327"]
[WhiteElo "2475"]
[BlackElo "2209"]
[Result "1-0"]
[Round "02"]
[TimeControl "180+1"]
[Date "2022.04.19"]
[WhiteClock "0:01:46"]
[BlackClock "0:00:02"]

1. Nf3 d5 2. g3 c5 3. Bg2 Nc6 4. O-O e5 5. c4 d4 6. d3 Bg4 7. h3 Bh5 8. a3 Qd7 9. b4 cxb4 10. axb4 Bxb4 11. g4 Bg6 12. Ba3 Bxa3 13. Nxa3 Nge7 14. c5 O-O 15. Nc4 Qd5 16. Nfxe5 Qxc5 17. Nd7 Qb4 18. Rb1 Qc3 19. Nxf8 Kxf8 20. Rxb7 Rc8 21. Nd6 Rd8 22. Nb5 Qc5 23. Qa4 a5 24. Rc7 Nd5 25. Na7 Nxc7 26. Nxc6 Re8 27. Nxd4 Nd5 28. Nb3 1-0


[Site "https://www.chess.com"]

[Event "Titled Tuesday Blitz April 19 Late 2022"]
[White "Sernecki, Franciszek"]
[Black "Suleymanli, Aydin"]
[WhiteFideId "1169297"]
[BlackFideId "13413937"]
[WhiteElo "2165"]
[BlackElo "2481"]
[Result "0-1"]
[Round "02"]
[TimeControl "180+1"]
[Date "2022.04.19"]
[WhiteClock "0:00:02"]
[BlackClock "0:00:35"]

1. d4 Nf6 2. c4 d6 3. Nc3 g6 4. e4 Bg7 5. Bg5 Nbd7 6. Nf3 e5 7. dxe5 dxe5 8. Be2 O-O 9. O-O c6 10. Qc2 a5 11. Rfd1 Qe7 12. h3 Nc5 13. Be3 Re8 14. a3 Nfd7 15. b4 Ne6 16. c5 axb4 17. axb4 Rxa1 18. Rxa1 Nd4 19. Qd1 Nxf3+ 20. Bxf3 Nf8 21. Qc1 h5 22. Bg5 Qc7 23. b5 Ne6 24. Be3 Nd4 25. Bd1 Qe7 26. bxc6 bxc6 27. Ne2 Bf6 28. Ra8 Kh7 29. Qc4 Be6 30. Rxe8 Qxe8 31. Qc1 Qa8 32. Nxd4 exd4 33. Bg5 Bg7 34. g4 hxg4 35. Bxg4 Qa2 36. Bxe6 Qxe6 37. Qf4 Qxh3 38. Bf6 Qh6 39. Qxh6+ Kxh6 40. Be7 f5 41. Kf1 fxe4 42. Ke2 d3+ 43. Kd2 Kh5 44. f3 Bh6+ 45. Kc3 d2 46. Kc2 exf3 47. Bg5 Bxg5 0-1


[Site "https://www.chess.com"]

[Event "Titled Tuesday Blitz April 19 Late 2022"]
[White "Siddharth, Jagadeesh"]
[Black "Kaganskiy, Gleb"]
[WhiteFideId "5818320"]
[BlackFideId "4132025"]
[WhiteElo "2127"]
[BlackElo "2165"]
[Result "1-0"]
[Round "02"]
[TimeControl "180+1"]
[Date "2022.04.19"]
[WhiteClock "0:00:10"]
[BlackClock "0:00:22"]

1. d4 d6 2. e4 Nf6 3. Nc3 e5 4. Nf3 Nbd7 5. Bc4 Be7 6. a4 h6 7. O-O c6 8. Re1 Qc7 9. a5 g5 10. a6 b5 11. Bb3 Nf8 12. Be3 Ng6 13. d5 b4 14. Ba4 Bd7 15. dxc6 Bxc6 16. Nd5 Nxd5 17. Qxd5 Rc8 18. Bxa7 Bxa4 19. Rxa4 Qxa7 20. Rea1 Nf4 21. Qb5+ Kf8 22. Rxb4 Kg7 23. Qa4 g4 24. Rb7 Qc5 25. Rxe7 gxf3 26. Qd7 Ne2+ 27. Kh1 fxg2+ 28. Kxg2 Nf4+ 29. Kh1 Rhf8 30. Rg1+ Ng6 31. Qf5 Kh8 32. Qf6+ Kh7 33. Qxg6+ 1-0


[Site "https://www.chess.com"]

[Event "Titled Tuesday Blitz April 19 Late 2022"]
[White "Sjugirov, Sanan"]
[Black "Maevsky, Nikolay"]
[WhiteFideId "4189302"]
[BlackFideId "4198220"]
[WhiteElo "2602"]
[BlackElo "2126"]
[Result "1-0"]
[Round "02"]
[TimeControl "180+1"]
[Date "2022.04.19"]
[WhiteClock "0:00:03"]
[BlackClock "0:00:05"]

1. d4 d5 2. Nf3 Nf6 3. Bf4 c5 4. e3 Nc6 5. Nbd2 cxd4 6. exd4 Bf5 7. c3 e6 8. Qb3 Qc8 9. Nh4 Bg6 10. Nxg6 hxg6 11. Bd3 Be7 12. g3 a6 13. Nf3 Qd7 14. h4 Na5 15. Qc2 Nc6 16. Qe2 Rc8 17. Kf1 Nh5 18. Bd2 Bd6 19. Kg2 Qc7 20. Rh3 Nf6 21. Re1 Kf8 22. Bg5 Re8 23. Qd1 Nd7 24. Rhh1 Na5 25. Nd2 Nc6 26. h5 f6 27. Be3 g5 28. h6 Nb6 29. hxg7+ Kxg7 30. Rh5 Qf7 31. Reh1 Rxh5 32. Rxh5 Rh8 33. Rxh8 Kxh8 34. Qh1+ Kg8 35. b3 Bf8 36. Bb1 Nd7 37. Qf1 e5 38. dxe5 Ndxe5 39. Qd1 g4 40. Qc2 Qh5 41. Qf5 Qh3+ 42. Kg1 Be7 43. Qe6+ Kf8 44. Qxd5 Qh5 45. Be4 Ke8 46. b4 Kf8 47. a4 Qh8 48. b5 axb5 49. axb5 Nd8 50. Nc4 Nxc4 51. Qxc4 Qh5 52. Qd5 Qe8 53. Bh6# 1-0


[Site "https://www.chess.com"]

[Event "Titled Tuesday Blitz April 19 Late 2022"]
[White "Skliarov, Viktor"]
[Black "Balint, Vilmos"]
[WhiteFideId "14106736"]
[BlackFideId "718050"]
[WhiteElo "2229"]
[BlackElo "2059"]
[Result "0-1"]
[Round "02"]
[TimeControl "180+1"]
[Date "2022.04.19"]
[WhiteClock "0:00:15"]
[BlackClock "0:01:22"]

1. e4 e6 2. d4 d5 3. e5 c5 4. c3 Nc6 5. Nf3 Qb6 6. a3 Nh6 7. b4 cxd4 8. Bxh6 gxh6 9. cxd4 Bg7 10. b5 Na5 11. Nc3 O-O 12. Bd3 Bd7 13. O-O Rac8 14. Na4 Qc7 15. Nc5 b6 16. Nxd7 Qxd7 17. Rc1 Nc4 18. Qb3 Qe7 19. a4 Na5 20. Qb1 Qa3 21. Bxh7+ Kh8 22. Rcd1 Qxa4 23. Bd3 Nc4 24. h4 Na3 25. Qb2 Nc4 26. Qe2 Qxb5 27. Nd2 Qb2 28. h5 Qxd4 29. Nxc4 dxc4 30. Bb1 Qxe5 31. Qc2 f5 32. Rfe1 Qf6 33. Rd6 Rfe8 34. Qa4 c3 35. Bc2 Bf8 36. Rd7 a5 37. Qb5 Bc5 38. Qc4 Bxf2+ 0-1


[Site "https://www.chess.com"]

[Event "Titled Tuesday Blitz April 19 Late 2022"]
[White "Sliwicki, Damian"]
[Black "Soysal, Serkan"]
[WhiteFideId "1127128"]
[BlackFideId "6349250"]
[WhiteElo "2084"]
[BlackElo "2440"]
[Result "0-1"]
[Round "02"]
[TimeControl "180+1"]
[Date "2022.04.19"]
[WhiteClock "0:01:22"]
[BlackClock "0:00:41"]

1. e4 e6 2. d4 d5 3. Nc3 Bb4 4. Qd3 dxe4 5. Qxe4 Nf6 6. Qh4 c5 7. dxc5 Qa5 8. Bd2 Nbd7 9. a3 Bxc3 10. Bxc3 Qxc5 11. O-O-O a5 12. Nf3 b5 13. Bd3 b4 14. axb4 axb4 15. Bxb4 Ra1+ 16. Kd2 Rxd1+ 17. Rxd1 Qb6 18. Kc1 Nd5 19. Ba3 Nc5 20. Qa4+ Nxa4 0-1


[Site "https://www.chess.com"]

[Event "Titled Tuesday Blitz April 19 Late 2022"]
[White "Sochacki, Christophe"]
[Black "Lopez, Henry"]
[WhiteFideId "662569"]
[BlackFideId "5203830"]
[WhiteElo "2480"]
[BlackElo "2177"]
[Result "1-0"]
[Round "02"]
[TimeControl "180+1"]
[Date "2022.04.19"]
[WhiteClock "0:02:52"]
[BlackClock "0:02:39"]

1. e4 c5 2. Nf3 d6 3. d4 cxd4 4. Nxd4 Nf6 5. Nc3 a6 6. Bg5 e6 7. f4 Be7 8. Qf3 h6 9. Bh4 Nbd7 10. O-O-O Qc7 11. Kb1 b5 12. Bd3 g5 13. fxg5 Ne5 14. Qe3 Nfg4 15. Qd2 hxg5 16. Bxg5 Bxg5 17. Qxg5 Nf2 18. Qf6 1-0


[Site "https://www.chess.com"]

[Event "Titled Tuesday Blitz April 19 Late 2022"]
[White "Solon, Nathan"]
[Black "Zhao, Jun"]
[WhiteFideId "2017229"]
[BlackFideId "8602522"]
[WhiteElo "2574"]
[BlackElo "2547"]
[Result "0-1"]
[Round "02"]
[TimeControl "180+1"]
[Date "2022.04.19"]
[WhiteClock "0:01:31"]
[BlackClock "0:01:27"]

1. e4 e5 2. Nc3 Nc6 3. Bc4 Nf6 4. d3 Na5 5. Nge2 Nxc4 6. dxc4 d6 7. Bg5 Be7 8. Qd2 O-O 9. O-O-O Be6 10. b3 a6 11. Kb1 b5 12. cxb5 axb5 13. f4 b4 14. Nd5 Bxd5 15. Bxf6 Bxf6 16. exd5 Qb8 17. f5 Rxa2 18. Kxa2 Qa7+ 19. Kb1 Ra8 20. c4 Qa1+ 21. Kc2 Ra2+ 22. Kd3 Rxd2+ 23. Kxd2 Qb2+ 24. Ke3 Qxb3+ 25. Kf2 Bg5 0-1


[Site "https://www.chess.com"]